 Dungeon Crawl Stone Soup version 0.28.0-53-g5a82cb258f (webtiles) character file.

Game seed: 14146684854042670252

8852 rabbi the Carver (level 11, 0/145 HPs)
             Began as a Minotaur Berserker on June 23, 2022.
             Was a High Priest of Trog.
             Succumbed to an orc's poison
             ... on level 1 of the Orcish Mines on June 25, 2022.
             The game lasted 02:08:07 (12808 turns).

rabbi the Carver (Minotaur Berserker)              Turns: 12808, Time: 02:08:07

Health: 0/145      AC: 16    Str: 26    XL:     11   Next: 15%
Magic:  10/10      EV:  9    Int:  4    God:    Trog [*****.]
Gold:   573        SH:  0    Dex: 10    Spells: 10/10 levels left

rFire   . . .      SeeInvis .   C - +2 long sword
rCold   . . .      Faith    .   (no shield)
rNeg    . . .      Spirit   .   L - +0 plate armour
rPois   .          Reflect  .   (helmet restricted)
rElec   .          Harm     .   (no cloak)
rCorr   .          Rampage  .   (no gloves)
Will    .....                   r - +0 pair of boots
Stlth   ..........              (no amulet)
HPRegen 0.34/turn               (no ring)
MPRegen 0.12/turn               (no ring)

@: confused, berserking (expiring), lethally poisoned (0 -> -3), very quick
A: horns 2, retaliatory headbutt
a: Renounce Religion, Berserk, Trog's Hand, Brothers in Arms


You were on level 1 of the Orcish Mines.
You worshipped Trog.
Trog was extremely pleased with you.
You visited 2 branches of the dungeon, and saw 11 of its levels.
You also visited: Ossuary and Bailey.

You collected 639 gold pieces.
You spent 66 gold pieces at shops.

Inventory:

Hand Weapons
 B - the +0 spear of Death's Door {freeze, Fly Will- Dex+8}
   (You found it on level 5 of the Dungeon)

   It freezes those it strikes, dealing additional cold damage.
   It can also slow down cold-blooded creatures.
   Dex:       It affects your dexterity (+8).
   Fly:       It grants you flight.
   Will:      It decreases your willpower.
 C - a +2 long sword (weapon)
Missiles
 c - 82 poisoned darts (quivered)
 E - 3 throwing nets
Armour
 d - a +1 hat
 r - a +0 pair of boots (worn)
 L - a +0 plate armour (worn)
Wands
 b - a wand of digging (10)
 j - a wand of iceblast (11)
 y - a wand of flame (28)
Scrolls
 e - 2 scrolls of immolation
 f - 3 scrolls of enchant weapon
 g - 2 scrolls of teleportation
 h - a scroll of enchant armour
 i - 2 scrolls of magic mapping
 l - a scroll of fear
 n - a scroll of holy word {unknown}
 o - 2 scrolls of torment
 q - 2 scrolls of amnesia
 t - 2 scrolls of vulnerability
 v - 2 scrolls of blinking
 D - a scroll of summoning {unknown}
 I - 2 scrolls of noise {unknown}
Potions
 k - 3 potions of mutation
 m - a potion of haste
 p - a potion of curing
 s - 2 potions of heal wounds
 u - a potion of attraction
 w - a potion of might
 x - 2 potions of lignification
 z - 2 potions of brilliance
 A - 7 potions of degeneration
 H - a potion of magic {unknown}
 J - a potion of ambrosia {unknown}


   Skills:
 + Level 9.1 Fighting
 + Level 13.5 Long Blades
 + Level 3.0 Throwing
 + Level 11.9 Armour
 + Level 5.8 Dodging
 + Level 1.0 Stealth


You had 10 spell levels left.
You didn't know any spells.
Your spell library was empty.

Dungeon Overview and Level Annotations

Branches:
Dungeon (9/15)             Temple (0/1) D:6             Orc (2/2) D:9
Ossuary (visited)          Bailey (visited)
   Lair: D:8-11         Elf: Orc:2

Altars:
Cheibriados
Elyvilon
Gozag
Kikubaaqudgha
Makhleb
Nemelex Xobeh
Xom

Shops:
D:9 ?*


Innate Abilities, Weirdness & Mutations

You have a pair of horns on your head.
You reflexively headbutt those who attack you in melee.


Message History

You kill the orc!
Trog accepts your kill.
You feel sick. The orc hits you but does no damage.
Something hits you but does no damage.
You slice the orc!!
You feel the power of Trog in you as your rage grows.
You kill the orc!
Trog accepts your kill.
You feel sick.
The orc warrior hits you but does no damage.
You closely miss the orc warrior.
You feel sick. Something hits you but does no damage.
You are too berserk!
You feel sick.
Items here: ))) [.
You feel a strong urge to attack something.
You feel sick.
You feel sick.
You hear some strange, mumbled words.
You are confused.
You feel your anger nearly subside.
You feel sick.
The orc warrior hits you with a +0 short sword.
* * * LOW HITPOINT WARNING * * *
Unknown command.
You slash the orc warrior!
The orc warrior is severely wounded.
You're too confused to move!
* * * LOW HITPOINT WARNING * * *
You feel sick.
The orc warrior hits you but does no damage.
You hit the orc warrior.
The orc warrior is almost dead.
The orc warrior barely misses you.
You slice something!! Trog accepts your kill.
Trog appreciates your killing of a magic user.
Reactivating autopickup.
You feel a bit more experienced.
You die...

,,,,,,,*#...<..#...,*
,,,,,,**#.,.......,**
,,*,,*#*#..,.#...###
,,,,,,..#..##....#.##
,,,,,,.........[^...#
,,,,,,........[[)..#*
,,,,,*,#......[>).##
,,,,,,,....#..)o)..#
,,,,,,,#........@..#
*,*,,,.............#
**,,,,.##..........##
**,*,,*###.........#
*,,,,,,* ##........#
**,**,** ##.......##
****** #.......##
##.#.....# ####....#


You could see an orc warrior.

Vanquished Creatures
  A sixfirhy (Orc:1)
  A kobold demonologist (D:9)
  4 trolls
  Grinder (D:3)
  A hornet (D:7)
  2 wyverns
  Eustachio (D:4)
  A steam dragon (D:7)
  Edmund (D:4)
  Menkaure (D:3)
  A warg (Orc:1)
  A water moccasin (D:4)
  4 ice beasts
  2 black bears
  4 sky beasts
  8 orc warriors
  3 ogres
  A centaur (D:6)
  A phantom (D:4)
  8 kobold brigands
  2 elf zombies (Ossuary)
  A gnoll sergeant (D:7)
  3 bullfrogs
  A scorpion (D:5)
  6 killer bees (D:7)
  A crimson imp (D:5)
  4 howler monkeys
  A human zombie (Ossuary)
  3 jellies
  5 hounds
  3 centaur zombies
  3 orc priests
  A bullfrog skeleton (D:4)
  A centaur skeleton (D:5)
  A gnoll shaman (D:7)
  A scorpion zombie (D:5)
  Jessica (D:2)
  4 iguanas
  8 orc wizards
  2 mummies (Ossuary)
  19 gnolls
  9 adders
  2 howler monkey skeletons
  2 shadow imps (D:9)
  A white imp (D:7)
  A worm zombie (D:5)
  An adder zombie (Ossuary)
  2 worms (D:2)
  A dart slug (D:2)
  52 orcs
  6 bats
  7 endoplasms
  A giant cockroach (D:1)
  11 goblins
  3 hobgoblins
  6 jackals (D:1)
  49 kobolds
  5 quokkas
  11 ball pythons
  3 frilled lizards
  A goblin zombie (Ossuary)
  9 hobgoblin zombies (Ossuary)
  A jackal zombie (Ossuary)
  7 kobold skeletons (D:9)
  22 kobold zombies
  8 orc zombies (Ossuary)
  3 rats
  A rat zombie (Ossuary)
343 creatures vanquished.

Vanquished Creatures (collateral kills)
  An orc warlord (Orc:1)
1 creature vanquished.

Vanquished Creatures (others)
  15 fungi (D:9)
  17 plants
32 creatures vanquished.

Grand Total: 376 creatures vanquished

Notes
Turn   | Place    | Note
-------+----------+-------------------------------------------
     0 | D:1      | rabbi the Minotaur Berserker began the quest for the Orb.
     0 | D:1      | Reached XP level 1. HP: 19/19 MP: 0/0
   105 | D:1      | Reached XP level 2. HP: 22/27 MP: 1/1
   391 | D:1      | Reached skill level 4 in Long Blades
   404 | D:1      | Found a faded altar of an unknown god.
   469 | D:1      | Reached ** piety under Trog
   549 | D:1      | Reached XP level 3. HP: 33/33 MP: 2/2
  1385 | D:2      | Reached XP level 4. HP: 41/41 MP: 3/3
  1674 | D:2      | Noticed Jessica
  1680 | D:2      | Killed Jessica
  1681 | D:2      | Reached skill level 5 in Long Blades
  1928 | D:3      | Reached skill level 5 in Fighting
  2138 | D:3      | Reached *** piety under Trog
  2143 | D:3      | Reached XP level 5. HP: 45/48 MP: 4/4
  2586 | D:3      | Noticed Grinder
  2608 | D:3      | Paralysed by Grinder for 3 turns
  2613 | D:3      | Killed Grinder
  2614 | D:3      | Reached skill level 6 in Long Blades
  2614 | D:3      | Reached skill level 1 in Throwing
  2614 | D:3      | Reached XP level 6. HP: 56/56 MP: 5/5
  2690 | D:3      | Found an ancient bone altar of Kikubaaqudgha.
  2829 | D:3      | Found an ancient bone altar of Kikubaaqudgha.
  2880 | D:4      | Noticed Menkaure
  2888 | D:3      | Killed Menkaure
  2935 | D:4      | Noticed Eustachio
  2953 | D:4      | Killed Eustachio
  2954 | D:4      | Reached skill level 7 in Long Blades
  2954 | D:4      | Reached XP level 7. HP: 62/62 MP: 6/6
  3143 | D:4      | Noticed Edmund
  3183 | D:4      | Killed Edmund
  3326 | D:4      | Reached skill level 8 in Long Blades
  3751 | D:5      | Entered Level 5 of the Dungeon
  3900 | D:4      | Reached XP level 8. HP: 68/70 MP: 7/7
  3915 | D:4      | Reached skill level 5 in Armour
  4150 | D:5      | Found a sand-covered staircase.
  4344 | Ossuary  | Entered an ossuary
  4570 | Ossuary  | Reached skill level 9 in Long Blades
  4670 | Ossuary  | Reached **** piety under Trog
  5183 | D:5      | Found a burning altar of Makhleb.
  5184 | D:5      | Found a shimmering altar of Xom.
  5208 | D:5      | Identified the +0 spear of Death's Door {freeze, Fly Will-
                  | Dex+8}
  5458 | D:5      | Reached skill level 10 in Long Blades
  6016 | D:6      | Reached XP level 9. HP: 63/79 MP: 8/8
  6090 | D:6      | Found a staircase to the Ecumenical Temple.
  6552 | D:6      | Found a white marble altar of Elyvilon.
  7208 | D:7      | Paralysed by a hornet for 1 turns
  7376 | D:7      | Reached skill level 11 in Long Blades
  8099 | D:7      | Noticed a troll
  8120 | D:7      | Killed a troll
  8138 | D:7      | Reached XP level 10. HP: 44/88 MP: 9/9
  8760 | D:8      | Found a flagged portal.
  8766 | D:8      | Reached skill level 10 in Armour
  8899 | Bailey   | Entered a bailey
  9566 | D:8      | Reached skill level 12 in Long Blades
  9590 | D:8      | Identified the +1 robe of Mall {Regen+ rCorr Stlth+}
  9759 | D:9      | Found a snail-covered altar of Cheibriados.
  9866 | D:9      | Found Lesuhuip's Magic Scroll Emporium.
  9872 | D:9      | Bought a scroll of identify for 24 gold pieces
  9872 | D:9      | Bought a scroll of fear for 42 gold pieces
  9906 | D:9      | Found an opulent altar of Gozag.
 10034 | D:9      | Found an ancient bone altar of Kikubaaqudgha.
 10061 | D:9      | Reached ***** piety under Trog
 10110 | D:9      | Reached skill level 5 in Dodging
 10596 | D:9      | Found a sparkling altar of Nemelex Xobeh.
 10599 | D:9      | Found Goywus's Assorted Antiques.
 10801 | D:9      | Found a staircase to the Orcish Mines.
 10816 | Orc:1    | Entered Level 1 of the Orcish Mines
 10858 | D:9      | Reached skill level 13 in Long Blades
 11205 | Orc:1    | Reached skill level 1 in Stealth
 11533 | Orc:2    | Entered Level 2 of the Orcish Mines
 11548 | Orc:1    | Received a gift from Trog
 11840 | Orc:2    | Noticed an orc high priest
 12100 | Orc:2    | Noticed an orc warlord
 12101 | Orc:2    | Noticed a soul eater
 12387 | Orc:2    | Noticed a sixfirhy
 12388 | Orc:2    | Noticed a sun demon
 12389 | Orc:2    | Noticed an orange demon
 12613 | Orc:1    | Killed an orc warlord
 12614 | Orc:1    | Reached XP level 11. HP: 50/95 MP: 10/10
 12797 | Orc:1    | Killed a sixfirhy
 12803 | Orc:1    | HP: 7/145 [poisoned by an orc]
 12804 | Orc:1    | HP: 1/145 [orc warrior/+0 short sword[an orc warlord] (5)]
 12808 | Orc:1    | Succumbed to an orc's poison

Illustrated notes

Levels and vault maps discovered:
D:1:      lightli_arrival_maybe_door_vault, layout_basic,
          hellmonk_ecumenical_altar_blasted, eino_curves_04
D:2:      layout_rooms, uniq_jessica
D:3:      layout_rooms, mainiacjoe_overflow_catwalk, uniq_grinder
D:4:      cheibrodos_old_hovel, layout_basic, minmay_misc_feat_tower,
          uniq_menkaure, uniq_edmund, uniq_eustachio
D:5:      layout_loops_cross, grunt_temple_overflow_champion_of_chaos,
          enter_ossuary_3, roderic_lattice_a
D:6:      layout_basic, kennysheep_mini_moat,
          minmay_temple_entry_statues_pillars
D:7:      layout_rooms
D:8:      layout_basic, enter_bailey_7
D:9:      wander_kiku_kobolds, layout_gridville, overflow_temple_1_default,
          mainiacjoe_overflow_large_starburst,
          nicolae_gozag_cash_rules_everything_around_me,
          grunt_lair_entry_orc_guard_hut, hiddenorc1_lemuel, serial_shops,
          nicolae_shop_statue_plus, shop, shop, nicolae_shop_behind_doors
Orc:1:    layout_caves, uniq_snorg
Orc:2:    pf_orc_diabolical, layout_caves, lightli_volcano_entry_magma_tube

Skill      XL: |  1  2  3  4  5  6  7  8  9 10 11 |
---------------+----------------------------------+-----
Fighting       | 4 5 6 7 8 9 |  9.1
Long Blades    | 4 5 6 7 8 10 11 13 | 13.5
Dodging        | 3 4 5 |  5.8
Throwing       | 1 2 3 |  3.0
Armour         | 3 4 7 9 11 | 11.9
Stealth        | 1 |  1.0

Action                   |  1- 3 |  4- 6 |  7- 9 | 10-12 || total
-------------------------+-------+-------+-------+-------++-------
Melee: Falchion          |    84 |    77 |   414 |   390 ||   965
       Headbutt          |    11 |     8 |    93 |    79 ||   191
       Punch             |       |       |     4 |     6 ||    10
       Long sword        |       |       |       |    11 ||    11
Throw: Dart              |     5 |     8 |    10 |     3 ||    26
Invok: Berserk           |       |     3 |     5 |     7 ||    15
       Trog's Hand       |       |       |     1 |       ||     1
       Brothers in Arms  |       |       |       |     1 ||     1
  Use: Scroll            |     2 |     4 |     7 |     5 ||    18
       Potion            |       |       |     3 |     2 ||     5
Armor: Animal skin       |    10 |     1 |       |       ||    11
       Ring mail         |       |     7 |       |       ||     7
       Scale mail        |       |    19 |    61 |       ||    80
       Chain mail        |       |       |   104 |    77 ||   181
       Plate armour      |       |       |       |   122 ||   122
Dodge: Dodged            |    47 |    37 |   188 |   152 ||   424
